 Dungeon Crawl Stone Soup version 0.18.1-5-g4a78601 (webtiles) character file.

1634 epen the Ducker (level 8, -2/62 HPs)
             Began as a Demonspawn Gladiator on May 12, 2016.
             Slain by an ogre
             ... wielding a +0 giant club
              (20 damage)
             ... on level 6 of the Dungeon.
             The game lasted 00:07:26 (4071 turns).

epen the Ducker (Demonspawn Gladiator)              Turns: 4071, Time: 00:07:27

Health: -2/62      AC:  7    Str: 18    XL:     8   Next: 66%
Magic:  8/8        EV: 13    Int: 11    God:
Gold:   186        SH:  3    Dex: 16    Spells: 0 memorised, 7 levels left

rFire  + + .     SeeInvis +     n - +2 dagger (venom)
rCold  . . .     Gourm    .     G - +3 scale mail {rF+}
rNeg   . . .     Faith    .     (no shield)
rPois  .         Spirit   .     c - +0 helmet
rElec  .         Dismiss  .     J - +0 cloak
rCorr  .         Reflect  .     (no gloves)
SustAt .         Harm     .     (no boots)
MR     .....     Rnd*Rage +     (no amulet)
Stlth  ..........               (no ring)
                                o - ring of protection from fire

@: exhausted, corroded, slowed, very slow, not resistant to hostile
enchantments, extremely unstealthy
A: hooves 1, large bone plates 2, see invisible, agile 1, berserk 1, clever 1,
deterioration 1, powered by pain 1, rot immunity
a: no special abilities


You were on level 6 of the Dungeon.
You were hungry.

You visited 1 branch of the dungeon, and saw 6 of its levels.

You collected 268 gold pieces.
You spent 82 gold pieces at shops.

Inventory:

Hand Weapons
 a - a +0 long sword
 n - a +2 dagger of venom (weapon)
Missiles
 d - 3 throwing nets (quivered)
Armour
 b - a +0 leather armour
 c - a +0 helmet (worn)
 e - a +0 scale mail
 G - a +3 scale mail of fire resistance (worn)
 J - a +0 cloak (worn)
Magical Staves
 s - an uncursed staff of cold
Jewellery
 o - a ring of protection from fire (left hand)
Wands
 y - a wand of lightning (6/15)
 K - a wand of heal wounds (3/9)
Scrolls
 i - a scroll of random uselessness {unknown}
 j - 2 scrolls of blinking
 l - 3 scrolls of remove curse {unknown}
 p - 2 scrolls of identify
 q - a scroll of fog {unknown}
 r - a scroll of amnesia {unknown}
 t - a scroll of immolation {unknown}
 v - 6 scrolls of teleportation {unknown}
 x - 2 scrolls of enchant weapon {unknown}
 E - a scroll of fear {unknown}
Potions
 h - a potion of cure mutation
 k - a potion of brilliance
 m - 2 potions of cancellation
 u - 2 potions of resistance
 w - a potion of might
 z - a potion of magic
 C - 2 potions of berserk rage
 F - a potion of lignification
 H - a potion of curing
Comestibles
 f - 7 bread rations
 g - 2 fruits
 A - 2 meat rations
 B - a royal jelly
 D - 2 slices of pizza


   Skills:
 + Level 5.0 Fighting
 * Level 6.1 Long Blades
 - Level 1.7 Throwing
 + Level 3.9 Armour
 * Level 6.5 Dodging


You had 7 spell levels left.
You didn't know any spells.

Dungeon Overview and Level Annotations

Branches:
Dungeon (6/15)
 Temple: D:4-7

Altars:
Dithmenos
Vehumet
The Shining One

Shops:
D:6 ?


Innate Abilities, Weirdness & Mutations

You are mostly covered in large bone plates (AC +3, SH +3).
You sometimes gain a little power by taking damage.
You are immune to rotting.
You have large cloven feet.
You have supernaturally acute eyesight.
You are agile. (Dex +2)
You tend to lose your temper in combat.
Your mind is acute. (Int +2)
Your body sometimes deteriorates upon taking damage.


Message History

The jelly is severely wounded.
You block the wyvern skeleton's attack. The jelly closely misses you.
You hear a distant blaring wail to the east.
The wyvern skeleton barely misses you. The jelly closely misses you.
You hit the jelly.
The jelly looks even sicker.
The acid corrodes you!
Your hands burn!
You kick the jelly, but do no damage.
The jelly is almost dead.
You kill the jelly!
Your Fighting skill increases to level 5!
The wyvern skeleton bites you but does no damage.
Read which item? (? for menu, Esc to quit)
Okay, then.
You hit the wyvern skeleton but do no damage.
The sentinel's mark upon you fades away.
The wyvern skeleton bites you.
* * * LOW HITPOINT WARNING * * *
The ogre closely misses you. The wyvern skeleton closely misses you.
You hit the ogre but do no damage. You kick the ogre, but do no damage.
The wyvern skeleton misses you. The ogre hits you with a giant club!!
You die...

#.....∩...####
#.#######....#
#......Zo.####
#######J###
#o# #c# #o#
#O# #@# #Z#
.(# #.## ..
... ... #...


You could see an orc warrior, an ogre, a centaur, a jelly, an orc wizard
(wandering), an orc, a jackal zombie and a wyvern skeleton.

Vanquished Creatures
  Pikel (D:4)
  Sigmund (D:5)
  Edmund (D:5)
  A black bear (D:6)
  5 scorpions (D:4)
  A wyvern skeleton (D:6)
  A crimson imp (D:5)
  2 hounds
  2 jellies
  A wasp zombie (D:6)
  An orc priest (D:4)
  3 orc wizards
  An iguana (D:5)
  A giant frog skeleton (D:5)
  A worker ant (D:4)
  10 adders
  An ooze (D:3)
  5 worms
  5 dart slugs
  6 giant geckos
  9 orcs
  18 bats
  4 giant cockroaches
  9 goblins
  10 hobgoblins
  4 jackals (D:1)
  2 ball pythons
  3 giant newts
  2 jackal zombies
  8 kobolds
  5 rats
124 creatures vanquished.

Vanquished Creatures (others)
  A hound (D:4)
  A centaur skeleton (D:5)
  2 adders (D:4)
  A giant gecko (D:5)
  4 orcs (D:4)
  A giant cockroach (D:4)
  2 giant newts (D:4)
  3 fungi (D:4)
15 creatures vanquished.

Grand Total: 139 creatures vanquished

Notes
Turn   | Place    | Note
--------------------------------------------------------------
     0 | D:1      | epen the Demonspawn Gladiator began the quest for the Orb.
     0 | D:1      | Reached XP level 1. HP: 16/16 MP: 1/1
    59 | D:1      | Gained mutation: You are immune to rotting. [demonic ancestry]
    59 | D:1      | Reached XP level 2. HP: 14/22 MP: 2/2
   405 | D:1      | Reached skill level 1 in Armour
   494 | D:1      | Gained mutation: You are partially covered in large bone plates (AC +2, SH +2). [demonic ancestry]
   494 | D:1      | Reached XP level 3. HP: 19/28 MP: 3/3
  1296 | D:2      | Gained mutation: You sometimes gain a little power by taking damage. [demonic ancestry]
  1296 | D:2      | Reached XP level 4. HP: 29/34 MP: 4/4
  2182 | D:3      | Reached XP level 5. HP: 40/40 MP: 5/5
  2329 | D:4      | Noticed a slave
  2331 | D:4      | Noticed Pikel
  2333 | D:4      | Noticed a slave
  2339 | D:4      | Noticed a slave
  2340 | D:4      | Noticed a slave
  2351 | D:4      | Killed Pikel
  2351 | D:4      | Reached skill level 5 in Dodging
  2351 | D:4      | Gained mutation: You are mostly covered in large bone plates (AC +3, SH +3). [demonic ancestry]
  2351 | D:4      | Reached XP level 6. HP: 21/48 MP: 6/6
  2351 | D:4      | Reached XP level 7. HP: 23/53 MP: 7/7
  2660 | D:4      | Reached skill level 5 in Long Blades
  3231 | D:4      | Gained mutation: Your body sometimes deteriorates upon taking damage. [potion of mutation]
  3231 | D:4      | Gained mutation: You have large cloven feet. [potion of mutation]
  3231 | D:4      | Gained mutation: You are agile. (Dex +2) [potion of mutation]
  3232 | D:4      | Gained mutation: You have supernaturally acute eyesight. [potion of mutation]
  3232 | D:4      | Gained mutation: You tend to lose your temper in combat. [potion of mutation]
  3232 | D:4      | Gained mutation: Your mind is acute. (Int +2) [potion of mutation]
  3264 | D:5      | Entered Level 5 of the Dungeon
  3361 | D:5      | Noticed Edmund
  3383 | D:5      | Killed Edmund
  3383 | D:5      | Reached XP level 8. HP: 46/60 MP: 8/8
  3463 | D:5      | Found a radiant altar of Vehumet.
  3525 | D:5      | Found a shadowy altar of Dithmenos.
  3721 | D:5      | Noticed Sigmund
  3734 | D:5      | Killed Sigmund
  3858 | D:5      | Found a glowing golden altar of the Shining One.
  3952 | D:6      | Found Fomyju Ufino's Magic Scroll Boutique.
  3956 | D:6      | Bought a scroll of blinking for 82 gold pieces
  4069 | D:6      | Reached skill level 5 in Fighting
  4071 | D:6      | Slain by an ogre

Skill      XL: |  1  2  3  4  5  6  7  8 |
---------------+-------------------------+-----
Long Blades    | 3 4 5 6 |  6.1
Armour         | 1 2 3 |  3.9
Dodging        | 3 5 6 |  6.5
Fighting       | 3 4 5 |  5.0
Throwing       | |  1.7

Action                   |  1- 3 |  4- 6 |  7- 9 || total
-------------------------+-------+-------+-------++-------
Melee: Long sword        |    86 |       |       ||    86
       Dagger            |    59 |   146 |   208 ||   413
       Kick              |       |       |    71 ||    71
  Use: Scroll            |       |       |    11 ||    11
       Potion            |       |       |     2 ||     2
 Stab: Held in net/web   |       |       |     1 ||     1
  Eat: Chunk             |     1 |     4 |     5 ||    10
       Beef jerky        |       |       |     1 ||     1
Armor: Leather armour    |    51 |     5 |       ||    56
       Scale mail        |       |    30 |    74 ||   104
Dodge: Dodged            |   118 |    59 |   124 ||   301
Block: Other             |     2 |     6 |    24 ||    32
